 Dungeon Crawl Stone Soup version 0.28-a0-577-gb193047a1f (webtiles) character file.

Game seed: 390443365267706863

406 SkeletonJelly the Conjurer (level 6, -1/41 HPs)
             Began as a Mummy Conjurer on Oct 2, 2021.
             Slain by a goblin (2 damage)
             ... led by Robin
             ... on level 4 of the Dungeon.
             The game lasted 00:11:04 (4192 turns).

SkeletonJelly the Conjurer (Mummy Conjurer)         Turns: 4192, Time: 00:11:05

Health: -1/41      AC:  3    Str: 17    XL:     6   Next: 56%
Magic:  1/10       EV: 11    Int: 24    God:
Gold:   112        SH:  0    Dex: 10    Spells: 5/11 levels left

rFire   x . .      SeeInvis .   (no weapon)
rCold   + . .      Faith    .   (no shield)
rNeg    + + +      Spirit   .   f - +1 robe of Space {*Slow Int+5}
rPois   ∞          Reflect  .   (no helmet)
rElec   .          Harm     .   (no cloak)
rCorr   .          Rampage  .   (no gloves)
Will    .....                   (no boots)
Stlth   ++........              (no amulet)
HPRegen 0.13/turn               e - +6 ring of strength
MPRegen 0.12/turn               (no ring)

@: slowed, very slow
A: cold resistance 1, negative energy resistance 3, torment resistance 2, heat
vulnerability 1, no potions
a: no special abilities


You were on level 4 of the Dungeon.
You visited 1 branch of the dungeon, and saw 4 of its levels.

You collected 237 gold pieces.
You spent 125 gold pieces at shops.

Inventory:

Missiles
 j - 3 poisoned darts
Armour
 a - a +0 robe
 f - the +1 robe of Space (worn) {*Slow Int+5}
   (You bought it in a shop on level 3 of the Dungeon)

   Int:       It affects your intelligence (+5).
   *Slow:     It may slow you when you take damage.
 l - a +2 cloak
Magical Staves
 c - a staff of fire
Jewellery
 e - a +6 ring of strength (left hand)
 h - a ring of see invisible
Wands
 m - a wand of iceblast (8)
Scrolls
 b - a scroll of holy word {unknown}
 d - a scroll of silence {unknown}
 g - a scroll of teleportation {unknown}
 i - a scroll of enchant armour {unknown}
 k - a scroll of fear {unknown}


   Skills:
 - Level 1.5 Dodging
 - Level 1.5 Stealth
 - Level 3.0 Spellcasting
 * Level 6.6 Conjurations


You had 5 spell levels left.
You knew the following spells:

 Your Spells              Type           Power      Damage    Failure   Level
a - Magic Dart            Conj           100%       1d8       1%          1
s - Searing Ray           Conj           70%        2d7       1%          2
x - Dazzling Flash        Conj/Hex       38%        N/A       9%          3

Your spell library contained the following spells:

 Spells                   Type           Power      Damage    Failure   Level
 Fulminant Prism          Conj/Hex       9%         3d7       28%         4
 Hailstorm                Conj/Ice       19%        3d6       28%         4
 Iskenderun's Mystic Bla  Conj/Tloc      19%        2d6       28%         4
 Simulacrum               Ice/Necr       1%         N/A       100%        6
 Ice Form                 Ice/Tmut       Unusable   N/A       N/A         4

Dungeon Overview and Level Annotations

Branches:
Dungeon (4/15)
 Temple: D:4-7

Altars:
Trog

Shops:
D:3 [

Annotations:
D:4 Robin


Innate Abilities, Weirdness & Mutations

You are immune to poison.
Your flesh is cold resistant. (rC+)
You are immune to negative energy. (rN+++)
You are immune to unholy pain and torment.
You are vulnerable to heat. (rF-)
You do not drink.


Message History

The magic dart hits the hobgoblin.
The hobgoblin is almost dead.
You now have 2/10 mp.
Casting: Magic Dart (safe; 1% risk of failure)
Confirm with . or Enter, or press ? or * to list all spells.
Aiming: Magic Dart (safe; 1% risk of failure)
Press: ? - help, Shift-Dir - straight line, f/p - Robin
Aim: Robin, wielding a +0 spear, wearing a +0 animal skin and wearing a +2 helmet (moderately wounded, 100% to hit)
The magic dart hits the hobgoblin!
You kill the hobgoblin!
You now have 1/10 mp.
There is an open door here.
Robin roars a battlecry!
Robin roars a battlecry!
You hear a shout!
Robin roars a battlecry!
There is an open door here.
You can't go up here!
Casting: Magic Dart (safe; 1% risk of failure)
Confirm with . or Enter, or press ? or * to list all spells.
Aiming: Magic Dart (safe; 1% risk of failure)
Press: ? - help, Shift-Dir - straight line, f/p - Robin
Aim: Robin, wielding a +0 spear, wearing a +0 animal skin and wearing a +2 helmet (moderately wounded, 100% to hit)
The magic dart hits Robin.
Robin is heavily wounded.
You now have 2/10 mp.
Casting: Magic Dart (safe; 1% risk of failure)
Confirm with . or Enter, or press ? or * to list all spells.
Aiming: Magic Dart (safe; 1% risk of failure)
Press: ? - help, Shift-Dir - straight line, f/p - Robin
Aim: Robin, wielding a +0 spear, wearing a +0 animal skin and wearing a +2 helmet (heavily wounded, 100% to hit)
The magic dart hits Robin but does no damage.
Robin is heavily wounded.
You now have 1/10 mp.
Casting: Magic Dart (safe; 1% risk of failure)
Confirm with . or Enter, or press ? or * to list all spells.
Aiming: Magic Dart (safe; 1% risk of failure)
Press: ? - help, Shift-Dir - straight line, f/p - Robin
Aim: Robin, wielding a +0 spear, wearing a +0 animal skin and wearing a +2 helmet (heavily wounded, 100% to hit)
The magic dart hits Robin.
Robin is severely wounded.
You now have 0/10 mp.
There is a stone staircase leading down here.
Robin roars a battlecry!
You hear a shout!
Casting: Magic Dart (safe; 1% risk of failure)
Confirm with . or Enter, or press ? or * to list all spells.
Aiming: Magic Dart (safe; 1% risk of failure)
Press: ? - help, Shift-Dir - straight line, f/p - Robin
Aim: Robin, wielding a +0 spear, wearing a +0 animal skin and wearing a +2 helmet (heavily wounded, 100% to hit)
The magic dart hits Robin.
Robin is almost dead.
The goblin no longer looks unusually strong.
Robin points. "Kill!"
Robin roars a battlecry!
The goblin goes into a battle-frenzy!
The goblin no longer looks unusually strong.
Robin throws the goblin at you!
You take 1 damage, and have 40/41 hp.
The hobgoblin no longer looks unusually strong.
The goblin misses you. Robin throws the goblin at you!
You closely miss the goblin. The goblin hits you with a +0 dagger.
The goblin completely misses you.
Robin roars a battlecry!
The goblins go into a battle-frenzy!
You take 3 damage, and have 37/41 hp.
You hit the goblin but do no damage. The hobgoblin barely misses you.
The goblin closely misses you. The goblin barely misses you.
You barely miss the goblin. The hobgoblin hits you.
The goblin hits you with a +0 dagger.
You feel yourself slow down. The goblin barely misses you.
Robin barely misses you.
You take 6 damage, and have 31/41 hp.
The hobgoblin hits you. The goblin hits you with a +0 dagger.
Robin hits you but does no damage. The hobgoblin barely misses you.
The hobgoblin hits you. The goblin hits you with a +0 dagger.
The goblin hits you with a +0 club.
You take 14 damage, and have 17/41 hp.
MASSIVE DAMAGE!!
Casting: Magic Dart (safe; 1% risk of failure)
Confirm with . or Enter, or press ? or * to list all spells.
Aiming: Magic Dart (safe; 1% risk of failure)
Press: ? - help, Shift-Dir - straight line, f/p - Robin
Aim: Robin, wielding a +0 spear, wearing a +0 animal skin and wearing a +2 helmet (severely wounded, 100% to hit)
The magic dart hits Robin.
Robin is severely wounded.
Robin closely misses you. The hobgoblin closely misses you.
The hobgoblin barely misses you. The goblin hits you with a +0 dagger.
The goblin hits you with a +0 club. Robin hits you but does no damage.
You take 3 damage, and have 14/41 hp.
You now have 0/10 mp.
The hobgoblin hits you.
* * * LOW HITPOINT WARNING * * *
The goblin hits you but does no damage. Robin hits you but does no damage.
The hobgoblin closely misses you. The hobgoblin hits you.
* * * LOW HITPOINT WARNING * * *
The goblin hits you with a +0 dagger.
* * * LOW HITPOINT WARNING * * *
You take 11 damage, and have 3/41 hp.
MASSIVE DAMAGE!!
Robin throws the goblin at you!
* * * LOW HITPOINT WARNING * * *
The goblin hits you with a +0 club.
You die...

.......#.# #.# #.##..g#
##.###P#.# #.######.#..#g.
.........# #####....!...##...#
######.### #.......########g##
#.# #........# #.# #.# #..#####.#
#.# #.# #..# #.# ##g## #.# #g.#
#.# ##.g.# # #.# #.@# #.# ##g....
## ##.#### #gg#####.# ##......
.####.#)..#####.g.g....###.......
.'...............g.......'.......
.####...#.#########...####.......
## ##.......# #..## ##...... #
##.#.##.# #.## ##..... #.#.##.#
#.# ##...# #...##.# ..# #+##


You could see Robin, 2 hobgoblins and 2 goblins.

Vanquished Creatures
  Grinder (D:3)
  A water moccasin skeleton (D:4)
  An orc wizard (D:4)
  2 gnolls (D:2)
  5 adders
  A worm (D:2)
  A dart slug (D:3)
  2 orcs (D:4)
  3 endoplasms
  2 giant cockroaches
  5 hobgoblins
  10 jackals
  6 kobolds
  10 ball pythons
  4 bats
  6 frilled lizards
  12 goblins
  7 rats
79 creatures vanquished.

Vanquished Creatures (others)
  2 plants (D:4)
2 creatures vanquished.

Grand Total: 81 creatures vanquished

Notes
Turn   | Place    | Note
-------+----------+-------------------------------------------
     0 | D:1      | SkeletonJelly the Mummy Conjurer began the quest for the
                  | Orb.
     0 | D:1      | Reached XP level 1. HP: 13/13 MP: 4/4
   323 | D:1      | Reached XP level 2. HP: 19/19 MP: 3/6
   326 | D:1      | Learned a level 2 spell: Searing Ray
   382 | D:1      | Found a faded altar of an unknown god.
  1160 | D:2      | Reached skill level 4 in Conjurations
  1218 | D:2      | Reached XP level 3. HP: 24/24 MP: 3/7
  1613 | D:2      | Reached XP level 4. HP: 30/30 MP: 4/8
  1791 | D:2      | Found a bloodstained altar of Trog.
  2675 | D:3      | Reached skill level 5 in Conjurations
  2737 | D:3      | Found Ocuta's Antique Armour Shoppe.
  2744 | D:3      | Bought a crude robe for 125 gold pieces
  2744 | D:3      | Identified the +1 robe of Space {*Slow Int+5} (You bought
                  | it in a shop on level 3 of the Dungeon)
  2939 | D:3      | Noticed Grinder
  2945 | D:3      | Learned a level 3 spell: Dazzling Flash
  2946 | D:3      | Paralysed by Grinder for 4 turns
  2961 | D:3      | Paralysed by Grinder for 5 turns
  3234 | D:3      | Paralysed by Grinder for 6 turns
  3246 | D:3      | Killed Grinder
  3247 | D:3      | Reached skill level 6 in Conjurations
  3247 | D:3      | Reached XP level 5. HP: 33/35 MP: 0/9
  3247 | D:3      | Reached XP level 6. HP: 38/41 MP: 0/10
  4137 | D:4      | Noticed Robin
  4192 | D:4      | HP: 1/41 [Robin/goblin (2)]
  4192 | D:4      | Slain by a goblin

Illustrated notes

Levels and vault maps discovered:
D:1:      dpeg_arrival_pits, layout_basic,
          shapermc_ecumenical_altar_mp_urbaneastern, minivault_25,
          hangedman_decor_peaks_small
D:2:      layout_basic, basic_altar, st_stairs_4
D:3:      layout_basic, serial_shops, shop, minivault_5, uniq_grinder
D:4:      cheibrodos_old_hovel, layout_loops_corners, kennysheep_minor_cross,
          uniq_robin

Skill      XL: |  1  2  3  4 |
---------------+-------------+-----
Spellcasting   | 3 |  3.0
Conjurations   | 4 6 |  6.6
Dodging        | |  1.5
Stealth        | |  1.5

Action                   |  1- 3 |  4- 6 || total
-------------------------+-------+-------++-------
Melee: Unarmed           |     6 |     3 ||     9
 Cast: Magic Dart        |    83 |   104 ||   187
       Searing Ray       |       |     7 ||     7
Armor: Robe              |     5 |    11 ||    16
Dodge: Dodged            |    28 |    32 ||    60

Table legend: (Time is in decaauts)
 A = Elapsed time spent in this place.
 B = Non-inter-level travel time spent in this place.
 C = Inter-level travel time spent in this place.
 D = Time resting spent in this place.
 E = Time spent auto-exploring this place.
 F = Levels seen in this place.
 G = Mean time per level.
                   A        B        C        D        E       F      G
               +--------+--------+--------+--------+--------+-----+--------+
         Total |   4194 |   4034 |    160 |      6 |   3428 |   4 | 1048.5 |
       Dungeon |   4194 |   4034 |    160 |      6 |   3428 |   4 | 1048.5 |
               +--------+--------+--------+--------+--------+-----+--------+

Top non-repeatable levels by time:
     D:2: 1344 daAuts
     D:1: 1209 daAuts
     D:3: 880 daAuts
     D:4: 760 daAuts
